 Dungeon Crawl Stone Soup version 0.19-a0-739-gf2af308 (webtiles) character file.

4027 Ordine the Covert (level 10, -8/63 HPs)
             Began as an Octopode Monk on June 23, 2016.
             Was a Priest of Cheibriados.
             Killed by the air
             ... invoked by Gastronok
              (35 damage)
             ... on level 1 of the Lair of Beasts.
             The game lasted 00:30:11 (9341 turns).

Ordine the Covert (Octopode Monk)                   Turns: 9341, Time: 00:30:12

Health: -8/63      AC:  6    Str: 22    XL:     10   Next: 24%
Magic:  10/10      EV: 18    Int: 24    God:    Cheibriados [***...]
Gold:   350        SH:  7    Dex: 23    Spells: 0 memorised, 9 levels left

rFire  . . .     SeeInvis +       - Unarmed
rCold  . . .     Gourm    +     e - +0 buckler
rNeg   . . .     Faith    .     (helmet restricted)
rPois  .         Spirit   .     B - amulet of Division {Gourm SInv}
rElec  .         Dismiss  .     c - +5 ring of protection
rCorr  .         Reflect  .     i - +4 ring of strength
SustAt .         Harm     .     q - ring of flight
MR     .....                    (no ring)
Stlth  +++++++...               (no ring)
                                (no ring)
                                (no ring)
                                (no ring)

@: very slightly contaminated, very slow, not resistant to hostile enchantments,
extremely stealthy
A: almost no armour, amphibious, 8 rings, constrict 8, camouflage 1, gelatinous
body 1
a: Bend Time, Temporal Distortion, Renounce Religion, Evoke Flight


You were on level 1 of the Lair of Beasts.
You worshipped Cheibriados.
Cheibriados was most pleased with you.
You were hungry.

You visited 3 branches of the dungeon, and saw 11 of its levels.

You collected 350 gold pieces.

Inventory:

Armour
 e - a +0 buckler (worn)
 A - a +0 shield
Jewellery
 c - a +5 ring of protection (left tentacle)
 i - a +4 ring of strength (right tentacle)
 q - a ring of flight (on tentacle)
 B - the amulet of Division (around mantle) {Gourm SInv}
   (You found it on level 8 of the Dungeon)

   [amulet of the gourmand]

   It allows you to eat raw meat even when not hungry.
   It lets you see invisible.
Wands
 p - a wand of enslavement (9/24)
 w - a wand of paralysis (11/24)
 y - a wand of confusion (32/48)
 C - a wand of acid (7/15)
Scrolls
 b - a scroll of blinking
 g - 2 scrolls of recharging
 k - 4 scrolls of remove curse
 m - 5 scrolls of teleportation
 o - a scroll of enchant armour
 u - a scroll of amnesia
 v - a scroll of holy word
 z - a scroll of noise
Potions
 d - a potion of flight
 f - 2 potions of might {unknown}
 s - 2 potions of degeneration {unknown}
Books
 j - a book of Geomancy

   Spells                             Type                      Level
   a - Sandblast                      Earth                        1
   b - Passwall                       Transmutation/Earth          2
   c - Stone Arrow                    Conjuration/Earth            3
   d - Petrify                        Transmutation/Earth          4
   e - Lee's Rapid Deconstruction     Earth                        5
 x - a book of Envenomations

   Spells                             Type                      Level
   a - Spider Form                    Transmutation/Poison         3
   b - Olgreb's Toxic Radiance        Poison                       4
   c - Alistair's Intoxication        Transmutation/Poison         5
   d - Poisonous Cloud                Conjuration/Poison/Air       6
Comestibles
 a - 12 bread rations
 h - 4 slices of pizza
 l - 4 meat rations
 n - 3 royal jellies
 r - a beef jerky
 t - 5 fruits


   Skills:
 - Level 3.1 Fighting
 + Level 6.6 Dodging
 - Level 10.0 Stealth
 - Level 6.0 Shields
 - Level 10.0 Unarmed Combat


You had 9 spell levels left.
You didn't know any spells.

Dungeon Overview and Level Annotations

Branches:
Dungeon (9/15)             Temple (1/1) D:7            Lair (1/6) D:8
    Orc: D:9-12

Altars:
Ashenzari
Cheibriados
Dithmenos
Elyvilon
Fedhas
Gozag
Hepliaklqana
Kikubaaqudgha
Makhleb
Nemelex Xobeh
Pakellas
Ru
Sif Muna
Trog
Uskayaw
Vehumet
Xom
Yredelemnul
Zin
The Shining One

Shops:
D:7 (?*

Annotations:
D:4 exclusion: 3 killer bees
Lair:1 exclusion: spiny frog, Gastronok


Innate Abilities, Weirdness & Mutations

You cannot wear most types of armour.
You are amphibious.
You can wear up to eight rings at the same time.
You can use your tentacles to constrict eight enemies at once.
Your skin changes colour to match your surroundings (Stealth+).
Your rubbery body absorbs attacks. (AC +1)


Message History

Gastronok is moderately wounded.
You completely miss Gastronok. You tentacle-slap Gastronok.
Gastronok is moderately wounded.
You block Gastronok's attack.
You tentacle-slap Gastronok. You squeeze Gastronok!
Gastronok is moderately wounded.
You bludgeon Gastronok! You tentacle-slap Gastronok. You squeeze Gastronok!
Gastronok is heavily wounded.
Gastronok bites you!!
You tentacle-slap Gastronok but do no damage.
You squeeze Gastronok.
Gastronok is heavily wounded.
You bludgeon Gastronok! You squeeze Gastronok.
Gastronok is heavily wounded.
You bludgeon Gastronok!
Gastronok is heavily wounded.
Gastronok waves his eye-stalks in wide circles.
The air twists around and strikes you!
Ouch! That really hurt!
You die...

..# .# ...... .# .#....
## ...... ## ###...... .#
#### ####....}...
.####..## #P#.........
........# ###...........
........# #.....@w......
......#####.........)...
#.#.#####...............
#.######................
...###...#..............
..รท.....#...............
#.#...###...............
###...# #...............
# ##.## #........$


You could see Gastronok.

Vanquished Creatures
  A spiny frog (Lair:1)
  Grinder (D:6)
  A spriggan (D:7)
  A basilisk (Lair:1)
  The ghost of Ordine the Sneak, an amateur OpMo (D:3)
  Menkaure (D:4)
  3 water moccasins (Lair:1)
  Duvessa (D:5)
  2 sky beasts
  A phantom (D:6)
  3 ice beasts
  An ogre (D:5)
  A necrophage (D:8)
  2 centaurs
  A crocodile (Lair:1)
  4 giant frogs
  Dowan (D:5)
  2 wyvern skeletons
  3 scorpions
  4 killer bees
  4 wights (D:7)
  5 crimson imps
  A jelly (D:8)
  2 hounds
  2 orc priests
  A centaur skeleton (D:5)
  A giant frog skeleton (D:5)
  4 iguanas
  3 worker ants
  A hound zombie (D:8)
  A worker ant zombie (D:8)
  4 gnolls (D:5)
  8 adders
  A shadow imp (D:8)
  An ooze (D:3)
  An adder skeleton (D:4)
  4 worms
  11 dart slugs
  A giant gecko (D:6)
  11 orcs
  5 bats
  5 giant cockroaches
  18 goblins
  8 hobgoblins
  6 jackals
  6 quokkas
  A ball python (D:3)
  A giant gecko skeleton (D:6)
  A giant gecko zombie (D:5)
  3 giant newts
  9 kobolds
  A quokka skeleton (D:5)
  6 rats
  2 fungi (D:8)
174 creatures vanquished.

Vanquished Creatures (collateral kills)
  A wight (D:7)
  A quokka zombie (D:7)
2 creatures vanquished.

Vanquished Creatures (others)
  2 fungi
2 creatures vanquished.

Grand Total: 178 creatures vanquished

Notes
Turn   | Place    | Note
--------------------------------------------------------------
     0 | D:1      | Ordine the Octopode Monk began the quest for the Orb.
     0 | D:1      | Reached XP level 1. HP: 16/16 MP: 1/1
   293 | D:1      | Reached XP level 2. HP: 21/21 MP: 2/2
   724 | D:1      | Reached XP level 3. HP: 24/26 MP: 3/3
  1169 | D:2      | Found a blossoming altar of Fedhas.
  1579 | D:2      | Reached XP level 4. HP: 31/31 MP: 4/4
  1870 | D:3      | Found an oddly glowing altar of Pakellas.
  1872 | D:3      | Found a glowing silver altar of Zin.
  1924 | D:3      | Found a bloodstained altar of Trog.
  2057 | D:3      | Noticed Ordine's ghost (amateur OpMo)
  2065 | D:3      | Killed Ordine's ghost
  2065 | D:3      | Reached skill level 5 in Stealth
  2065 | D:3      | Reached skill level 5 in Unarmed Combat
  2065 | D:3      | Reached XP level 5. HP: 36/36 MP: 5/5
  2102 | D:3      | Reached XP level 6. HP: 40/42 MP: 6/6
  2813 | D:4      | Found an ancient bone altar of Kikubaaqudgha.
  2993 | D:4      | Noticed Menkaure
  3005 | D:4      | Killed Menkaure
  3005 | D:4      | Reached XP level 7. HP: 34/46 MP: 7/7
  3337 | D:3      | Found a radiant altar of Vehumet.
  3878 | D:5      | Entered Level 5 of the Dungeon
  4344 | D:5      | Noticed Dowan
  4345 | D:5      | Noticed Duvessa
  4381 | D:5      | Killed Duvessa
  4381 | D:5      | Reached XP level 8. HP: 22/52 MP: 8/8
  4387 | D:5      | Killed Dowan
  5745 | D:6      | Noticed Grinder
  5764 | D:6      | Paralysed by Grinder for 3 turns
  5773 | D:6      | Killed Grinder
  5929 | D:6      | Reached XP level 9. HP: 53/56 MP: 9/9
  6398 | D:7      | Found a staircase to the Ecumenical Temple.
  6398 | D:7      | Found Eraiqok's Magic Scroll Emporium.
  6402 | Temple   | Entered the Ecumenical Temple
  6542 | Temple   | Became a worshipper of Cheibriados the Contemplative
  6542 | Temple   | Reached * piety under Cheibriados
  6542 | Temple   | Reached ** piety under Cheibriados
  6579 | D:7      | Found a shimmering altar of Xom.
  6593 | D:7      | Reached skill level 10 in Stealth
  6622 | D:7      | Found Kakhuseo's Antique Weapon Shoppe.
  6630 | D:7      | Reached skill level 10 in Unarmed Combat
  6706 | D:7      | Reached skill level 1 in Shields
  7009 | D:7      | Found a shadowy altar of Dithmenos.
  7387 | D:7      | Gained mutation: You are dopey. (Int -2) [potion of mutation]
  7387 | D:7      | Gained mutation: You are very dopey. (Int -4) [potion of mutation]
  7387 | D:7      | Gained mutation: You expend magic power (3 MP) to strengthen your wands. [potion of mutation]
  7388 | D:7      | Lost mutation: You expend magic power (3 MP) to strengthen your wands. [potion of cure mutation]
  7388 | D:7      | Lost mutation: You are very dopey. (Int -4) [potion of cure mutation]
  7388 | D:7      | Lost mutation: You are dopey. (Int -2) [potion of cure mutation]
  7460 | D:7      | Found Yjug Fel's General Store.
  7590 | D:8      | Found a staircase to the Lair.
  7602 | D:8      | Reached *** piety under Cheibriados
  8071 | D:8      | Reached skill level 5 in Shields
  8328 | D:8      | Got a translucent emerald amulet
  8538 | D:9      | Noticed a troll
  8562 | D:9      | Found a hide-covered altar of Uskayaw.
  8563 | D:9      | Noticed a hand axe
  8564 | D:9      | Noticed a dagger
  8627 | D:9      | Noticed a troll
  8667 | Lair:1   | Entered Level 1 of the Lair of Beasts
  8674 | Lair:1   | Identified the amulet of Division {Gourm SInv} (You found it on level 8 of the Dungeon)
  8694 | Lair:1   | Noticed a spiny frog
  8720 | Lair:1   | Reached skill level 5 in Dodging
  8720 | Lair:1   | Reached XP level 10. HP: 63/63 MP: 10/10
  9057 | Lair:1   | Noticed a spiny frog
  9084 | Lair:1   | Killed a spiny frog
  9330 | Lair:1   | Noticed Gastronok
  9341 | Lair:1   | Killed from afar by Gastronok

Vault maps used:
D:1:      saegor_arrival_simple_a, serial_park_tiny_pond
D:2:      fedhas_altar_1
D:3:      nicolae_overflow_hidden_temple
D:4:      kennysheep_slugbush, lemuel_crystal_altar, minmay_misc_feat_x,
          uniq_menkaure
D:5:      first_bread, uniq_duvessa
D:6:      uniq_grinder
D:7:      overflow_temple_1_default, old_standard_altar, serial_shops, shop,
          nicolae_shop_behind_doors, nicolae_shop_stone, the_bakery
D:8:      due_lair_maze_entry_diamond, minmay_bent
D:9:      old_standard_altar, kennysheep_mini_moat, dancing_weapons_uskayaw,
          serial_shops, shop, nicolae_ru_great_annihilating_truth
Temple:   minmay_temple_bridge_abc
Lair:1:   uniq_gastronok

Skill      XL: |  1  2  3  4  5  6  7  8  9 10 |
---------------+-------------------------------+-----
Stealth        | 3 4 5 6 7 9 10 | 10.0
Unarmed Combat | 4 5 6 7 9 10 | 10.0
Shields        | 5 6 |  6.0
Dodging        | 5 6 |  6.6
Fighting       | |  3.1

Action                   |  1- 3 |  4- 6 |  7- 9 | 10-12 || total
-------------------------+-------+-------+-------+-------++-------
Melee: Unarmed           |    86 |    93 |   276 |    24 ||   479
       Tentacles         |    10 |    19 |    66 |    13 ||   108
       Constrict         |    20 |    25 |    52 |     4 ||   101
       Punch             |       |     4 |    23 |     4 ||    31
Evoke: Wand              |       |       |     4 |       ||     4
  Use: Scroll            |     6 |     4 |    13 |     1 ||    24
       Potion            |       |     4 |     5 |       ||     9
 Stab: Sleeping          |     9 |     9 |    18 |     3 ||    39
       Distracted        |       |       |       |     1 ||     1
  Eat: Chunk             |     2 |     4 |    14 |       ||    20
       Beef jerky        |       |       |     1 |       ||     1
Armor: Skin              |     5 |    11 |    53 |     3 ||    72
Dodge: Dodged            |    45 |    48 |   113 |     6 ||   212
Block: Buckler           |       |       |    18 |     3 ||    21
